 Dungeon Crawl Stone Soup version 0.19-a0-1065-gdac414d (webtiles) character file.

4274 Gagarin the Blocker (level 10, -4/84 HPs)
             Began as a Hill Orc Fighter on Aug 3, 2016.
             Was a Believer of Qazlal.
             Splashed by Erica's acid (13 damage)
             ... on level 8 of the Dungeon.
             The game lasted 00:27:34 (8643 turns).

Gagarin the Blocker (Hill Orc Fighter)              Turns: 8643, Time: 00:27:36

Health: -4/84      AC:  7    Str: 22    XL:     10   Next: 31%
Magic:  8/14       EV: 11    Int:  9    God:    Qazlal [**....]
Gold:   223        SH: 14    Dex: 10    Spells: 0 memorised, 9 levels left

rFire  . . .     SeeInvis .     a - +0 long sword
rCold  . . .     Gourm    .     O - +3 ring mail
rNeg   . . .     Faith    .     c - +0 shield
rPois  .         Spirit   .     H - +1 helmet
rElec  .         Dismiss  .     (no cloak)
rCorr  .         Reflect  .     (no gloves)
SustAt .         Harm     .     (no boots)
MR     .....                    (no amulet)
Stlth  +.........               (no ring)
                                (no ring)

@: exhausted, corroded, slowed, very slow
A: no striking features
a: Upheaval, Renounce Religion


You were on level 8 of the Dungeon.
You worshipped Qazlal.
Qazlal was pleased with you.
You were very hungry.

You visited 1 branch of the dungeon, and saw 8 of its levels.
You also visited: Sewer.

You collected 461 gold pieces.
You spent 238 gold pieces at shops.

Inventory:

Hand Weapons
 a - a +0 long sword (weapon)
 l - a +0 dagger of venom
 E - a +0 great sword
 Q - a cursed -3 shortbow
Missiles
 B - 5 steel tomahawks (quivered)
 C - 31 bolts
 R - 66 arrows
Armour
 b - a +0 scale mail
 c - a +0 shield (worn)
 H - a +1 helmet (worn)
 O - a +3 ring mail (worn)
 T - the +0 ring mail "Xapol" {Regen+}
   (You found it on level 7 of the Dungeon)

   It increases your rate of regeneration.
Magical Staves
 G - an uncursed staff of poison {unknown}
Jewellery
 n - an uncursed ring of ice {unknown}
Wands
 u - a wand of flame (30/48)
 v - a wand of iceblast (6/15)
 D - a wand of iceblast (7/15)
 J - a wand of random effects (32/48)
 Z - a wand of lightning (2/15)
Scrolls
 e - 2 scrolls of identify
 g - 3 scrolls of teleportation
 h - a scroll of random uselessness {unknown}
 i - 3 scrolls of recharging {unknown}
 j - a scroll of immolation {unknown}
 m - a scroll of fear {unknown}
 y - a scroll of amnesia {unknown}
 z - 3 scrolls of fog {unknown}
 K - a scroll of enchant weapon {unknown}
 L - 2 scrolls of remove curse
 U - a scroll of blinking {unknown}
 W - a scroll of magic mapping {unknown}
 X - a scroll of enchant armour {unknown}
Potions
 d - a potion of might
 k - 3 potions of degeneration
 o - 2 potions of mutation {unknown}
 p - a potion of haste {unknown}
 q - 2 potions of flight {unknown}
 r - 3 potions of curing
 s - a potion of magic {unknown}
 A - a potion of ambrosia {unknown}
 F - a potion of invisibility {unknown}
 I - 2 potions of brilliance {unknown}
 M - a potion of beneficial mutation {unknown}
 N - 2 potions of cure mutation {unknown}
 P - a potion of agility {unknown}
Books
 w - a book of Enchantments

   Spells                             Type                      Level
   a - Cause Fear                     Hexes                        4
   b - Yara's Violent Unravelling     Hexes/Transmutation          5
   c - Silence                        Hexes/Air                    5
   d - Deflect Missiles               Charms/Air                   6
   e - Haste                          Charms                       6
   f - Discord                        Hexes                        8
Comestibles
 f - 7 bread rations
 t - 2 meat rations
 x - 4 fruits
 S - 2 slices of pizza
 Y - 8 chunks of flesh


   Skills:
 + Level 6.8 Fighting
 + Level 7.0 Long Blades
 + Level 7.3 Armour
 + Level 5.2 Dodging
 + Level 0.8 Stealth
 + Level 8.6 Shields
 + Level 6.3 Invocations


You had 9 spell levels left.
You didn't know any spells.

Dungeon Overview and Level Annotations

Branches:
Dungeon (8/15)             Temple (0/1) D:7            Lair (0/6) D:8

Altars:
Ashenzari
Gozag
Nemelex Xobeh
Okawaru
Qazlal
Uskayaw
Vehumet
Xom
Yredelemnul

Shops:
D:6 =!?*[   D:7 :

Annotations:
D:8 Erica


Message History

You feel as though you will be slow longer.
Evoke which item? (* to show all) (? for menu, Esc to quit)
Zapping:
Z - a wand of lightning (3/15)
Press: ? - help, Shift-Dir - straight line, f/p - Erica
Aim: Erica, wielding a scimitar of flaming, wearing an embroidered robe and carrying a wand of acid {zapped: 3} (almost dead)
You hear a mighty clap of thunder!
The bolt of lightning hits Erica.
Erica is almost dead.
This wand has 2 charges left.
You hear a shout!
Erica gestures wildly while chanting.
Erica flickers and vanishes!
Deactivating autopickup; reactivate with Ctrl-A.
You feel better.
You hear a zap.
A bolt of acid appears from out of thin air!
The bolt of acid hits you!
* * * LOW HITPOINT WARNING * * *
The acid corrodes you!
The acid burns!
You die...

....# ##.## .#.....####..#
###.###...##.#..#....###.#
#......_.......#.....##.#
...#.##...###...#####..#.########
. ##.###.## #...# #............
..#.###.# #...# #........#### .#
#.....####.### #[.......# .#
#####......#######........# #
#...##...{@............# #
#....##########........# ####
###..### #).......# ...# #....#
#........# ...## #.##..##
#........# ....#####.###..##
#........# .....#..........#
########## .....#........#.#
.....#........# ..


There were no monsters in sight!

Vanquished Creatures
  Pikel (D:4)
  Prince Ribbit (D:5)
  6 yaks
  An ice beast (D:6)
  2 orc warriors
  4 sky beasts
  A slave (D:4)
  5 ogres
  A necrophage (D:7)
  2 centaurs
  2 big kobolds
  The ghost of crawlian the Firebug, an amateur DEFE (D:5)
  The ghost of crawlian the Firebug, an amateur DEFE (D:3)
  3 giant frogs
  A scorpion (D:5)
  5 killer bees (D:8)
  A howler monkey (D:5)
  A crimson imp (D:5)
  2 hounds (D:8)
  2 jellies
  3 orc priests
  A giant frog skeleton (D:6)
  5 orc wizards
  2 iguanas
  A worker ant (D:4)
  A hound zombie (D:6)
  2 worker ant zombies
  4 adders
  A howler monkey skeleton (D:6)
  5 river rats
  A shadow imp (D:6)
  3 worms
  2 dart slugs
  5 giant geckos
  24 orcs
  3 bats
  8 giant cockroaches
  16 hobgoblins
  14 jackals
  12 kobolds
  2 quokkas (D:6)
  4 ball pythons
  A giant gecko zombie (D:5)
  6 giant newts
  7 goblins
  A jackal skeleton (D:5)
  A jackal zombie (D:5)
  A quokka skeleton (D:5)
  16 rats
195 creatures vanquished.

Vanquished Creatures (others)
  A hound skeleton (D:4)
  An orc (D:4)
2 creatures vanquished.

Grand Total: 197 creatures vanquished

Notes
Turn   | Place    | Note
-------+----------+-------------------------------------------
     0 | D:1      | Gagarin the Hill Orc Fighter began the quest for the Orb.
     0 | D:1      | Reached XP level 1. HP: 19/19 MP: 1/1
   217 | D:1      | Reached XP level 2. HP: 17/27 MP: 2/2
   817 | D:2      | Found a stormy altar of Qazlal.
   859 | D:2      | Became a worshipper of Qazlal Stormbringer
   879 | D:2      | Reached XP level 3. HP: 33/33 MP: 3/3
  1070 | D:2      | Found a sparkling altar of Nemelex Xobeh.
  1203 | D:2      | Reached skill level 4 in Shields
  1537 | D:2      | Reached XP level 4. HP: 38/40 MP: 4/4
  1665 | D:2      | Reached * piety under Qazlal
  1795 | D:3      | Noticed crawlian's ghost (amateur DEFE)
  1814 | D:3      | Found a shimmering altar of Xom.
  2030 | D:3      | Found a glowing drain.
  2124 | Sewer    | Entered a sewer
  2129 | Sewer    | Reached skill level 1 in Dodging
  2129 | Sewer    | Reached XP level 5. HP: 37/46 MP: 5/5
  2199 | Sewer    | Noticed a big kobold
  2228 | Sewer    | Killed a big kobold
  2379 | Sewer    | Found a white marble altar of Elyvilon.
  2733 | D:3      | Reached ** piety under Qazlal
  2812 | D:3      | Killed crawlian's ghost
  2812 | D:3      | Reached skill level 5 in Shields
  2812 | D:3      | Reached XP level 6. HP: 34/53 MP: 6/6
  3411 | D:4      | Reached skill level 1 in Invocations
  3415 | D:4      | Reached XP level 7. HP: 52/60 MP: 7/7
  3536 | D:4      | Found a shattered altar of Ashenzari.
  3536 | D:4      | Found a radiant altar of Vehumet.
  3537 | D:4      | Found an opulent altar of Gozag.
  3618 | D:4      | Noticed Pikel
  3632 | D:4      | Killed Pikel
  3632 | D:4      | Reached skill level 5 in Fighting
  3632 | D:4      | Reached skill level 5 in Armour
  3632 | D:4      | Reached skill level 6 in Shields
  3632 | D:4      | Reached XP level 8. HP: 65/68 MP: 8/10
  3842 | D:5      | Entered Level 5 of the Dungeon
  3842 | D:5      | Noticed Prince Ribbit
  3865 | D:5      | Killed Prince Ribbit
  4211 | D:5      | Noticed crawlian's ghost (amateur DEFE)
  4239 | D:5      | Killed crawlian's ghost
  4698 | D:5      | Reached skill level 5 in Long Blades
  5192 | D:5      | Reached skill level 7 in Shields
  5192 | D:5      | Reached XP level 9. HP: 58/74 MP: 12/12
  5584 | D:6      | Found Xymekea's Distillery.
  5587 | D:6      | Bought a potion of berserk rage for 55 gold pieces
  5587 | D:6      | Bought a potion of degeneration for 11 gold pieces
  5587 | D:6      | Bought a potion of heal wounds for 55 gold pieces
  5587 | D:6      | Bought a potion of curing for 33 gold pieces
  5615 | D:6      | Reached skill level 5 in Invocations
  6069 | D:6      | Found Vadurgh's General Store.
  6072 | D:6      | Bought a scroll of remove curse for 42 gold pieces
  6072 | D:6      | Bought a scroll of teleportation for 42 gold pieces
  6145 | D:6      | Found Jaufap's Jewellery Shoppe.
  6805 | D:6      | Found Hodon's Magic Scroll Emporium.
  6861 | D:6      | Found Teec's Antique Armour Boutique.
  6867 | D:6      | Reached skill level 8 in Shields
  6879 | D:6      | Reached XP level 10. HP: 73/84 MP: 14/14
  7076 | D:7      | Got a smoking ring mail
  7087 | D:7      | Identified the +0 ring mail "Xapol" {Regen+} (You found it on level 7 of the Dungeon)
  7101 | D:7      | Found a staircase to the Ecumenical Temple.
  7170 | D:7      | Found an iron altar of Okawaru.
  7332 | D:7      | Reached skill level 5 in Dodging
  7530 | D:7      | Found Sampidul's Book Emporium.
  7841 | D:8      | Found a staircase to the Lair.
  8064 | D:8      | Found a hide-covered altar of Uskayaw.
  8111 | D:8      | Reached *** piety under Qazlal
  8558 | D:8      | Found a basalt altar of Yredelemnul.
  8608 | D:8      | Noticed Erica
  8641 | D:8      | HP: 3/84 [Erica/scimitar of flaming (2)]
  8643 | D:8      | Splashed by Erica's acid

Vault maps used:
D:1:      minmay_arrival_wavy_path, serial_bayou_ford_a
D:2:      lemuel_doored_altar, first_bread, nemelex_xobeh_ov_fountains_minmay
D:3:      xom_teletrap_fun, portal_sewer_entry_e
D:4:      gammafunk_temple_overflow_forgotten, minmay_splitting_lines,
          uniq_pikel
D:5:      corexii_shack_village, uniq_prince_ribbit1
D:6:      serial_shops, shop, kennysheep_mini_moat, nicolae_shop_stone,
          shop_coins, nicolae_shop_statue_plus
D:7:      overflow_temple_1_default, serial_shops, nicolae_shop_statue_plus
D:8:      lemuel_coloured_pillars_altar, nicolae_overflow_crystal_walls,
          uniq_joseph, uniq_erica
Sewer:    sewer_kobolds

Skill      XL: |  1  2  3  4  5  6  7  8  9 10 |
---------------+-------------------------------+-----
Fighting       | 4 5 6 |  6.8
Shields        | 4 5 6 7 8 |  8.6
Armour         | 4 5 6 7 |  7.3
Dodging        | 1 2 3 4 5 |  5.2
Long Blades    | 3 4 5 6 7 |  7.0
Invocations    | 1 2 4 6 |  6.3
Stealth        | |  0.8

Action                   |  1- 3 |  4- 6 |  7- 9 | 10-12 || total
-------------------------+-------+-------+-------+-------++-------
Melee: Long sword        |   195 |   231 |   340 |   263 ||  1029
Invok: Upheaval          |       |       |     5 |     6 ||    11
Evoke: Wand              |       |       |     1 |     6 ||     7
  Use: Scroll            |       |       |     1 |     1 ||     2
       Potion            |       |       |     5 |     7 ||    12
  Eat: Chunk             |     2 |     7 |     7 |     6 ||    22
       Beef jerky        |       |       |     1 |       ||     1
       Meat ration       |       |       |     1 |       ||     1
Armor: Scale mail        |    59 |    84 |    71 |       ||   214
       Ring mail         |       |       |    17 |    55 ||    72
Dodge: Dodged            |    49 |    58 |    72 |    90 ||   269
Block: Shield            |   105 |   158 |   177 |   171 ||   611
